 Dungeon Crawl Stone Soup version 0.30-a0-847-g17996783a1 (webtiles) character file.

Game seed: 17109785249721689467

606 FexLirch the Grave Robber (level 8, -8/66 HPs)
             Began as a Meteoran Necromancer on Mar 3, 2023.
             Mangled by a gnoll sergeant
             ... wielding a +3 trident of protection
              (12 damage)
             ... on level 6 of the Dungeon.
             The game lasted 00:11:03 (946 turns).

FexLirch the Grave Robber (Meteoran Necromancer)     Turns: 946, Time: 00:11:03

Health: -8/66      AC:  6    Str: 10    XL:     8   Next: 2%
Magic:  1/13       EV: 12    Int: 19    God:
Gold:   69         SH:  0    Dex: 14    Spells: 4/12 levels left

rFire   . . .      SeeInvis .    o - +0 scythe
rCold   . . .      Faith    .    (shield currently unavailable)
rNeg    . . .      Spirit   .    d - +0 ring mail
rPois   .          Reflect  .    s - +1 hat
rElec   .          Rampage  .    (no cloak)
rCorr   .                        (no gloves)
Will    ++...                    (no boots)
Stlth   +                        (no amulet)
HPRegen 0.31/turn                q - ring of willpower
MPRegen 0.13/turn                (no ring)

@: attractive, very slightly contaminated, glowing
A: sense surroundings 1, otherworldly, glowing, explore regen
a: no special abilities


You were on level 6 of the Dungeon.
You visited 1 branch of the dungeon, and saw 7 of its levels.

You collected 69 gold pieces.

Inventory:

Hand Weapons
 o - a +0 scythe (weapon)
 p - a +0 sling
Missiles
 c - 7 stones
 k - 8 poisoned darts
Armour
 a - a +0 robe
 d - a +0 ring mail (worn)
 s - a +1 hat (worn)
Jewellery
 i - a ring of ice
 q - a ring of willpower (left hand)
Wands
 h - a wand of polymorph (8)
Scrolls
 e - 2 scrolls of immolation {unknown}
 f - 4 scrolls of enchant weapon {unknown}
 j - 3 scrolls of amnesia {unknown}
 l - 2 scrolls of teleportation {unknown}
 m - a scroll of magic mapping {unknown}
 n - a scroll of poison
 r - a scroll of torment {unknown}
 u - a scroll of blinking {unknown}
 x - a scroll of fog {unknown}
Potions
 b - a potion of magic
 g - a potion of lignification {unknown}
 v - a potion of might {unknown}
 w - a potion of curing {unknown}


   Skills:
 + Level 3.8 Fighting
 + Level 2.3 Polearms
 + Level 5.0 Dodging
 - Level 1.4 Stealth
 - Level 2.6 Spellcasting
 * Level 7.2 Necromancy


You had 4 spell levels left.
You knew the following spells:

 Your Spells              Type           Power      Damage    Failure   Level
a - Necrotise             Necr           100%       1d9       1%          1
b - Vampiric Draining     Necr           30%        2d8       6%          3
c - Animate Dead          Necr           30%        N/A       21%         4

Your spell library contained the following spells:

 Spells                   Type           Power      Damage    Failure   Level
 Magic Dart               Conj           8%         1d3       38%         1
 Searing Ray              Conj           4%         2d4       52%         2
 Fulminant Prism          Conj/Hex       1%         3d5       99%         4
 Agony                    Necr           30%        N/A       50%         5


Dungeon Overview and Level Annotations

Branches:
Dungeon (7/15) Zot: 3241
 Temple: D:4-7

Altars:
Dithmenos

Shops:
D:2 [


Innate Abilities, Weirdness & Mutations

You passively map a small area around you.
You are easily found by Zot.
You glow in the dark.
You regain HP and MP as you explore.


Message History

The shadow imp gestures at you. You resist with almost no effort.
Aiming: Polymorph
Press: ? - help, Shift-Dir - straight line, f - gnoll sergeant, p - shadow imp
Aim: a gnoll sergeant, wielding a +3 trident of protection and wearing a +0 ring mail (moderately wounded, will become a warg, a goblin, or an iguana, chance to affect: 49%)
The gnoll sergeant resists with some effort.
It was a potion of attraction.
You feel attractive to monsters.
You hit the shadow imp.
You kill the shadow imp!
The gnoll sergeant hits you with a +3 trident of protection.
* * * LOW HITPOINT WARNING * * *
Casting: Necrotise (safe; 1% risk of failure)
Confirm with . or Enter, or press ? or * to list all spells.
Aiming: Vampiric Draining (dangerous; 6% risk of failure)
Press: ? - help, Shift-Dir - straight line, f/p - gnoll sergeant
Aim: a gnoll sergeant, wielding a +3 trident of protection and wearing a +0 ring mail (moderately wounded)
You miscast Vampiric Draining.
You are very lightly contaminated with residual magic.
Nothing appears to happen.
The gnoll sergeant hits you with a +3 trident of protection!
* * * LOW HITPOINT WARNING * * *
Casting: Vampiric Draining (dangerous; 6% risk of failure)
Confirm with . or Enter, or press ? or * to list all spells.
Aiming: Vampiric Draining (dangerous; 6% risk of failure)
Press: ? - help, Shift-Dir - straight line, f/p - gnoll sergeant
Aim: a gnoll sergeant, wielding a +3 trident of protection and wearing a +0 ring mail (moderately wounded)
You draw life force from the gnoll sergeant.
You feel life coursing into your body.
The gnoll sergeant hits you with a +3 trident of protection!
* * * LOW HITPOINT WARNING * * *
Okay, then.
Unknown command.
Okay, then.
Unknown command.
The air fills with toxic fumes!
As you read the scroll labelled GIMIQY CEKKOSS, it crumbles to dust.
It was a scroll of poison.
The gnoll sergeant hits you with a +3 trident of protection!
You die...

############################## *
##....#....##§§§.5.##......#..,,*
....#...##..##§g##..##.....#g# *
.##.....##...##§@##g.##..#.#.# ..
.##..##.......##§§##..##.#.g.#.#
.....##..#.....§§§§##...†#.....#.
#...)......#####§§§§§...........#
..####.###.#####§##############.#
#........#.##..§§§..#### , , #
..##.#.#.......§§§.....## ,
.....#.#.......§§§......#
...#.#.#........#######.#


You could see a gnoll sergeant.

Vanquished Creatures
  Sigmund (D:3)
  2 scorpions (D:6)
  A wight (D:6)
  A jelly (D:6)
  2 iguanas (D:6)
  A sleepcap (D:4)
  Jessica (D:2)
  Robin (D:4)
  4 adders
  A shadow imp (D:6)
  A worm (D:2)
  3 dart slugs (D:2)
  An orc (D:6)
  2 ball pythons
  4 bats
  5 endoplasms
  11 goblins
  8 hobgoblins
  2 quokkas (D:2)
  A frilled lizard (D:2)
  3 kobolds
  3 rats
59 creatures vanquished.

Vanquished Creatures (collateral kills)
  A hound (D:6)
  An adder (D:2)
  A hobgoblin (D:1)
  A quokka (D:3)
  A rat (D:2)
5 creatures vanquished.

Vanquished Creatures (others)
  A kraken (D:1)
  4 tentacles (D:1)
5 creatures vanquished.

Grand Total: 69 creatures vanquished

Notes
Turn   | Place    | Note
-------+----------+-------------------------------------------
     0 | D:1      | FexLirch the Meteoran Necromancer began the quest for the
                  | Orb.
     0 | D:1      | Reached XP level 1. HP: 14/14 MP: 5/5
     2 | D:1      | Noticed a demonspawn
     2 | D:1      | Noticed an octopode
     2 | D:1      | Noticed a minotaur
     2 | D:1      | Noticed a draconian
     2 | D:1      | Noticed a vine stalker
     2 | D:1      | Noticed a spriggan
     2 | D:1      | Noticed a merfolk
     2 | D:1      | Noticed a kraken
     2 | D:1      | Noticed a demigod
     2 | D:1      | Noticed a vampire
     2 | D:1      | Noticed a draconian
     2 | D:1      | Noticed a human
     2 | D:1      | Noticed an octopode
     2 | D:1      | Noticed a human
     6 | D:1      | Killed a kraken
    46 | D:1      | Reached XP level 2. HP: 22/22 MP: 3/6
   120 | D:2      | Reached skill level 1 in Fighting
   120 | D:2      | Reached XP level 3. HP: 20/28 MP: 1/8
   131 | D:2      | Learned a level 3 spell: Vampiric Draining
   150 | D:2      | Noticed Jessica
   155 | D:2      | Killed Jessica
   156 | D:2      | Reached skill level 5 in Necromancy
   156 | D:2      | Reached XP level 4. HP: 35/35 MP: 4/9
   222 | D:2      | Found Koit's Antique Armour Shop.
   390 | D:3      | Reached XP level 5. HP: 37/41 MP: 6/10
   406 | D:3      | Noticed Sigmund
   419 | D:3      | Killed Sigmund
   420 | D:3      | Reached skill level 6 in Necromancy
   420 | D:3      | Reached XP level 6. HP: 38/50 MP: 6/11
   461 | D:4      | Noticed Robin
   473 | D:4      | Killed Robin
   494 | D:4      | Found a shadowy altar of Dithmenos.
   557 | D:5      | Entered Level 5 of the Dungeon
   558 | D:5      | Noticed an ice beast
   607 | D:6      | Learned a level 4 spell: Animate Dead
   653 | D:7      | Noticed a sky beast
   691 | D:6      | Reached skill level 1 in Polearms
   691 | D:6      | Reached XP level 7. HP: 57/57 MP: 6/12
   882 | D:6      | Reached skill level 7 in Necromancy
   918 | D:6      | Reached skill level 5 in Dodging
   918 | D:6      | Reached XP level 8. HP: 66/66 MP: 5/13
   946 | D:6      | Mangled by a gnoll sergeant

Illustrated notes

Levels and vault maps discovered:
D:1:      nicolae_arrival_kraken_aquarium_b, layout_basic,
          minmay_gold_behind_fungi
D:2:      layout_basic, serial_shops, shop, uniq_jessica
D:3:      layout_loops_ring, uniq_ijyb, uniq_sigmund
D:4:      layout_rooms, grunt_dithmenos_smoke_and_mirrors,
          mainiacjoe_overflow_catwalk, nicolae_goblin_pals
D:5:      corexii_shantytown, layout_basic, nicolae_uskayaw_en_pointe,
          minmay_temple_entry_large_hall, serial_undead, serial_undead_a,
          serial_undead_f, serial_undead_e, serial_undead_b
D:6:      minmay_thinvault, layout_basic, serial_co_window_serial,
          co_window_paths_b, co_window_paths_a, co_window_paths_a,
          co_window_cross_1, co_window_corner_a, co_window_corner_a,
          co_window_cross_1, co_window_unsneaky_path_b, co_window_2corner,
          co_window_of_opportunity_b, co_window_broadway_c,
          co_window_broadway_c, glass_columns_b, grunt_decor_cap
D:7:      layout_loops_ring, jmf_multi_god_temple, enter_bailey_5,
          hangedman_abyss_or_decor_stagger, minmay_stone_trees_medium

Skill      XL: |  1  2  3  4  5  6  7 |
---------------+----------------------+-----
Fighting       | 1 2 3 |  3.8
Dodging        | 3 4 5 |  5.0
Necromancy     | 5 6 7 |  7.2
Polearms       | 1 2 |  2.3
Stealth        | |  1.4
Spellcasting   | |  2.6

Action                     |  1- 3 |  4- 6 |  7- 9 || total
---------------------------+-------+-------+-------++-------
  Melee: Unarmed           |     7 |     2 |       ||     9
         Halberd           |       |    12 |    18 ||    30
   Cast: Necrotise         |    30 |    75 |    27 ||   132
         Vampiric Draining |       |       |     4 ||     4
  Evoke: Wand              |       |       |     1 ||     1
    Use: Scroll            |       |       |     1 ||     1
         Potion            |       |       |     1 ||     1
 Armour: Robe              |     2 |     7 |       ||     9
         Ring mail         |       |     1 |     2 ||     3
  Dodge: Dodged            |     4 |    11 |    17 ||    32

Table legend: (Time is in decaauts)
 A = Elapsed time spent in this place.
 B = Non-inter-level travel time spent in this place.
 C = Inter-level travel time spent in this place.
 D = Time resting spent in this place.
 E = Time spent auto-exploring this place.
 F = Levels seen in this place.
 G = Mean time per level.
                   A        B        C        D        E       F      G
               +--------+--------+--------+--------+--------+-----+--------+
         Total |    957 |    891 |     66 |      0 |      5 |   7 |  136.7 |
       Dungeon |    957 |    891 |     66 |      0 |      5 |   7 |  136.7 |
               +--------+--------+--------+--------+--------+-----+--------+

Top non-repeatable levels by time:
     D:6: 390 daAuts
     D:2: 232 daAuts
     D:3: 152 daAuts
     D:4: 106 daAuts
     D:1: 70 daAuts
     D:5: 3 daAuts
     D:7: 1 daAuts
